 Dungeon Crawl Stone Soup version 0.21-a0-221-gfe971b9 (webtiles) character file.

1256 Moloch the Conjurer (level 8, -13/52 HPs)
             Began as a Demonspawn Wizard on Aug 24, 2017.
             Was an Initiate of Vehumet.
             Killed from afar by a wight (20 damage)
             ... with a wand of lightning (?/15)
             ... on level 7 of the Dungeon.
             The game lasted 00:20:13 (6230 turns).

Moloch the Conjurer (Demonspawn Wizard)             Turns: 6230, Time: 00:20:13

Health: -13/52     AC:  3    Str:  8    XL:     8   Next: 26%
Magic:  15/16      EV: 12    Int: 21    God:    Vehumet [......]
Gold:   364        SH:  6    Dex: 12    Spells: 7/18 levels left

rFire    . . .     SeeInvis .   B - +1 dagger (venom)
rCold    . . .     Gourm    .   (no shield)
rNeg     . . .     Faith    .   a - +0 robe
rPois    .         Spirit   .   b - +0 hat
rElec    .         Reflect  .   (no cloak)
rCorr    .         Harm     .   l - +0 pair of gloves
MR       .....                  (no boots)
Stlth    ++........             (no amulet)
HPRegen  0.17/turn              (no ring)
MPRegen  0.15/turn              (no ring)

@: no status effects
A: large bone plates 2, powered by death 2, spiny 1
a: Renounce Religion


You were on level 7 of the Dungeon.
You worshipped Vehumet.
Vehumet was noncommittal.
You were not hungry.

You visited 2 branches of the dungeon, and saw 8 of its levels.

You collected 364 gold pieces.

Inventory:

Hand Weapons
 y - a +0 spear
 B - a +1 dagger of venom (weapon)
Missiles
 n - 7 javelins (quivered)
Armour
 a - a +0 robe (worn)
 b - a +0 hat (worn)
 l - a +0 pair of gloves (worn)
 t - a +0 buckler
Jewellery
 h - an uncursed ring of wizardry {unknown}
 C - a cursed ring of see invisible {unknown}
Wands
 u - a wand of lightning (5/15)
Scrolls
 e - 3 scrolls of amnesia {unknown}
 g - 4 scrolls of remove curse {unknown}
 o - a scroll of immolation {unknown}
 p - 2 scrolls of identify {unknown}
 q - a scroll of random uselessness {unknown}
 s - a scroll of recharging {unknown}
 w - 3 scrolls of enchant armour {unknown}
 A - 3 scrolls of enchant weapon {unknown}
 E - 2 scrolls of teleportation {unknown}
 F - a scroll of fear {unknown}
 H - 2 scrolls of blinking {unknown}
Potions
 f - 3 potions of agility {unknown}
 j - 3 potions of heal wounds
 k - a potion of haste {unknown}
 m - 2 potions of invisibility {unknown}
 v - 2 potions of brilliance {unknown}
 x - a potion of ambrosia {unknown}
 z - a potion of lignification {unknown}
 G - 2 potions of flight {unknown}
Books
 c - a book of Minor Magic

   Spells                             Type                      Level
   a - Magic Dart                     Conjuration                  1
   b - Blink                          Translocation                2
   c - Call Imp                       Summoning                    2
   d - Slow                           Hexes                        2
   e - Conjure Flame                  Conjuration/Fire             3
   f - Mephitic Cloud                 Conjuration/Poison/Air       3
 r - a book of Callings

   Spells                             Type                      Level
   a - Summon Small Mammal            Summoning                    1
   b - Call Imp                       Summoning                    2
   c - Call Canine Familiar           Summoning                    3
   d - Summon Guardian Golem          Hexes/Summoning              3
   e - Summon Lightning Spire         Summoning/Air                4
   f - Summon Ice Beast               Ice/Summoning                4
Comestibles
 d - 4 bread rations
 i - 4 meat rations
 D - 3 chunks of flesh


   Skills:
 - Level 1.7 Dodging
 - Level 1.7 Stealth
 + Level 5.5 Spellcasting
 - Level 7.8 Conjurations
 - Level 1.0 Summonings
 - Level 0.8 Translocations
 * Level 3.0 Fire Magic


You had 7 spell levels left.
You knew the following spells:

 Your Spells              Type           Power        Failure   Level  Hunger
a - Magic Dart            Conj           ####         1%          1    None
b - Blink                 Tloc           N/A          11%         2    None
c - Call Imp              Summ           ##......     11%         2    None
d - Mephitic Cloud        Conj/Pois/Air  ###.....     11%         3    ##.....
e - Conjure Flame         Conj/Fire      ####....     3%          3    ##.....


Dungeon Overview and Level Annotations

Branches:
Dungeon (7/15)             Temple (1/1) D:6

Altars:
Dithmenos
Gozag
Hepliaklqana
Makhleb
Nemelex Xobeh
Sif Muna
Trog
Uskayaw
Vehumet
Zin

Annotations:
D:4 p0werm0de's ghost, weakling DgVM


Innate Abilities, Weirdness & Mutations

You are mostly covered in large bone plates. (SH +6)
You regenerate health from kills.
You are partially covered in sharp spines.


Message History

Casting: Call Imp
Confirm with . or Enter, or press ? or * to list all spells.
Aiming: Magic Dart
Press: ? - help, Shift-Dir - straight line, f - wight
Aim: a wight, wielding an enchanted war axe, wearing a robe and carrying a wand of lightning (?/15)
The magic dart hits the wight.
The wight is moderately damaged.
Casting: Magic Dart
Confirm with . or Enter, or press ? or * to list all spells.
Aiming: Magic Dart
Press: ? - help, Shift-Dir - straight line, f/p - wight
Aim: a wight, wielding an enchanted war axe, wearing a robe and carrying a wand of lightning (?/15) (moderately damaged)
The magic dart hits the wight.
The wight is heavily damaged.
The wight zaps a wand.
The bolt of lightning hits you!
The wight zaps a wand.
The bolt of lightning hits you!
The wight zaps a wand.
The bolt of lightning hits you!
* * * LOW HITPOINT WARNING * * *
The wight zaps a wand.
The bolt of lightning hits you!
You die...

#.......#.#
#..######.#
#z.# ##..##
#..####8..8##
#..##.......#
#..##....>..#
#.....#8..8##
#.######..##
#@# #### #.#
#<# ###


You could see a wight.

Vanquished Creatures
  Sigmund (D:3)
  An ice beast (D:7)
  3 ogres
  Blork the orc (D:5)
  A scorpion (D:6)
  2 howler monkeys
  A crimson imp (D:5)
  2 hounds
  6 orc wizards
  Ijyb (D:3)
  2 worker ants
  An iguana (D:6)
  A hound zombie (D:7)
  A hound skeleton (D:6)
  4 gnolls (D:3)
  6 adders
  3 oozes
  3 adder skeletons
  2 worms (D:3)
  4 dart slugs
  5 leopard geckos
  14 orcs
  3 ball pythons
  11 bats
  4 giant cockroaches
  17 goblins
  8 hobgoblins
  4 jackals (D:5)
  9 kobolds
  5 quokkas
  4 frilled lizards
  A jackal skeleton (D:4)
  A quokka skeleton (D:4)
  10 rats
142 creatures vanquished.

Notes
Turn   | Place    | Note
-------+----------+-------------------------------------------
     0 | D:1      | Moloch the Demonspawn Wizard began the quest for the Orb.
     0 | D:1      | Reached XP level 1. HP: 13/13 MP: 4/4
   400 | D:1      | Reached skill level 2 in Conjurations
   402 | D:1      | Gained mutation: You are partially covered in large bone plates. (SH +4) [demonic ancestry]
   402 | D:1      | Reached XP level 2. HP: 19/19 MP: 0/6
   906 | D:1      | Reached skill level 3 in Conjurations
   906 | D:1      | Reached XP level 3. HP: 24/24 MP: 1/7
  1323 | D:2      | Learned a level 2 spell: Blink
  1326 | D:2      | Learned a level 2 spell: Call Imp
  1330 | D:2      | Learned a level 3 spell: Mephitic Cloud
  1619 | D:2      | Gained mutation: You regenerate a little health from kills. [demonic ancestry]
  1619 | D:2      | Reached XP level 4. HP: 30/30 MP: 4/8
  1638 | D:2      | Reached skill level 4 in Conjurations
  2028 | D:3      | Noticed Ijyb
  2319 | D:3      | Killed Ijyb
  2319 | D:3      | Reached XP level 5. HP: 33/35 MP: 5/9
  2348 | D:3      | Noticed Sigmund
  2371 | D:3      | Killed Sigmund
  2371 | D:3      | Reached skill level 6 in Conjurations
  2371 | D:3      | Gained mutation: You are mostly covered in large bone plates. (SH +6) [demonic ancestry]
  2371 | D:3      | Reached XP level 6. HP: 22/41 MP: 6/10
  2772 | D:3      | Learned a level 3 spell: Conjure Flame
  3265 | D:4      | Noticed Edmund
  3444 | D:4      | Noticed p0werm0de's ghost (weakling DgVM)
  3830 | D:3      | Reached skill level 1 in Fire Magic
  3911 | D:4      | Reached skill level 7 in Conjurations
  4038 | D:5      | Entered Level 5 of the Dungeon
  4043 | D:5      | Gained mutation: You are partially covered in sharp spines. [demonic ancestry]
  4043 | D:5      | Reached XP level 7. HP: 46/46 MP: 7/11
  4228 | D:5      | Noticed Blork the orc
  4239 | D:5      | Killed Blork the orc
  5109 | D:6      | Found a staircase to the Ecumenical Temple.
  5132 | Temple   | Entered the Ecumenical Temple
  5206 | Temple   | Became a worshipper of Vehumet
  5463 | D:6      | Gained mutation: You regenerate health from kills. [demonic ancestry]
  5463 | D:6      | Reached XP level 8. HP: 52/52 MP: 5/15
  5525 | D:6      | Reached skill level 5 in Spellcasting
  6230 | D:7      | Killed from afar by a wight

Vault maps used:
D:1:      denvon_arrival_planthouse, minmay_split_cup_small
D:3:      kennysheep_the_goblin_king, kennysheep_generic_room_15, uniq_sigmund
D:4:      uniq_edmund
D:5:      first_bread, minmay_a_box_with_orc_wizards_in_it, uniq_blork_the_orc
D:6:      temple_statues
D:7:      st_stairs_6, the_bakery, uniq_duvessa, uniq_pikel, uniq_joseph
Temple:   roderic_octagonal_lattice_temple

Skill      XL: |  1  2  3  4  5  6  7  8 |
---------------+-------------------------+-----
Conjurations   | 2 3 4 6 7 |  7.8
Fire Magic     | 1 2 3 |  3.0
Spellcasting   | 4 5 |  5.5
Dodging        | |  1.7
Stealth        | |  1.7
Summonings     | |  1.0
Translocations | |  0.8

Action                   |  1- 3 |  4- 6 |  7- 9 || total
-------------------------+-------+-------+-------++-------
Melee: Unarmed           |     2 |       |       ||     2
       Short sword       |    12 |    85 |    19 ||   116
       Dagger            |       |       |    86 ||    86
 Cast: Magic Dart        |    89 |    92 |    24 ||   205
       Mephitic Cloud    |       |    23 |    18 ||    41
       Call Imp          |       |       |     3 ||     3
  Use: Potion            |       |     1 |       ||     1
 Stab: Confused          |       |    11 |     6 ||    17
       Sleeping          |       |       |     1 ||     1
  Eat: Chunk             |     2 |     9 |     7 ||    18
       Royal jelly       |       |       |     1 ||     1
Armor: Robe              |     6 |     7 |    12 ||    25
Dodge: Dodged            |    16 |    35 |    29 ||    80
Block: Other             |     4 |    22 |    14 ||    40

Table legend:
 A = Spawn XP
 B = Non-spawn XP
 C = Spawn XP percentage of total XP
 D = Spawn monster count
 E = Non-spawn monster count
 F = Spawn count percentage of total count
 G = Total turns spent on level
                    A         B        C        D         E        F      G
               +---------+---------+-------+---------+---------+-------+---------
         Total |     174 |    1621 |   9.7 |      20 |     122 |  14.1 |  6230
               +---------+---------+-------+---------+---------+-------+---------
           D:1 |      13 |      32 |  28.9 |       7 |      20 |  25.9 |  1139
           D:2 |       4 |      87 |   4.4 |       3 |      23 |  11.5 |  1023
           D:3 |      24 |     472 |   4.8 |       6 |      35 |  14.6 |  1366
           D:4 |       1 |      72 |   1.4 |       1 |      12 |   7.7 |   510
           D:5 |      10 |     469 |   2.1 |       2 |      13 |  13.3 |   894
           D:6 |     122 |     353 |  25.7 |       1 |      15 |   6.2 |  1045
           D:7 |       0 |     136 |   0.0 |       0 |       4 |   0.0 |   160
               +---------+---------+-------+---------+---------+-------+---------
